Map: Pillars of Gold LE

Players

Future - Winner!

  • Race: Terran Terran
  • Spawn Location: 7:00

MaSa

  • Race: Terran Terran
  • League: Master
  • Spawn Location: 1:00

Event: DreamHack SC2 Masters 2020 Fall

VOD

Have the link to the VOD?

Description

Time

  • Played on: Sept. 2, 2020, 6:41 p.m.
  • Length: 10:50

All games in this series

Show
View Real Time Build Order
Export as new Build Order

Future Terran - Winner!

Build Orders:  

Get SALT Encoding   

  12  0:00  SCV  
  13  0:12  SCV  
  14  0:18  Supply Depot  
  14  0:24  SCV  
  15  0:39  SCV  
  15  0:41  Barracks  
  16  0:45  Refinery  
  16  0:51  SCV  
  16  0:55  Refinery  
  17  1:04  SCV  
  18  1:16  SCV  
  19  1:28  Reaper, Orbital Command  
  20  1:38  Supply Depot  
  20  1:43  Factory  
  20  1:54  SCV  
  21  2:00  Reaper  
  22  2:06  SCV  
  23  2:18  SCV  
  23  2:22  Command Center  
  24  2:27  Hellion  
  26  2:30  SCV  
  26  2:34  Barracks Tech Lab  
  27  2:40  Supply Depot  
  27  2:42  SCV  
  28  2:54  SCV  
  28  2:55  Starport  
  29  3:04  Cyclone  
  32  3:07  SCV  
  32  3:10  Barracks Reactor  
  33  3:16  Refinery  
  33  3:19  SCV  
  34  3:31  SCV  
  34  3:32  Starport Tech Lab  
  35  3:34  Orbital Command  
  35  3:40  Siege Tank  
  38  3:43  SCV  
  38  3:45  Marine  
  38  3:46  Marine  
  41  3:55  SCV  
  42  3:57  Raven  
  42  4:00  SCV  
  45  4:03  Marine  
  45  4:04  Supply Depot, Marine  
  45  4:07  SCV  
  48  4:12  SCV  
  48  4:16  Siege Tank  
  52  4:19  SCV  
  52  4:23  Supply Depot  
  53  4:24  SCV  
  53  4:26  Marine x2  
  56  4:32  SCV  
  56  4:36  SCV  
  58  4:44  SCV  
  58  4:45  Supply Depot  
  59  4:48  SCV  
  63  4:52  Viking, Siege Tank  
  63  4:53  Viking  
  65  5:03  SCV x2  
  64  5:13  Command Center  
  63  5:15  SCV x2  
  65  5:22  Viking  
  65  5:27  Viking  
  69  5:30  SCV x2  
  69  5:35  Refinery, Marine  
  71  5:36  Supply Depot  
  71  5:42  SCV  
  73  5:44  SCV  
  73  5:46  Siege Tank  
  77  5:54  SCV  
  77  5:55  Stimpack  
  78  5:58  Viking, SCV  
  78  6:01  Viking  
  81  6:06  SCV  
  81  6:08  Supply Depot  
  81  6:10  SCV  
  82  6:18  SCV  
  82  6:22  SCV  
  84  6:29  SCV  
  84  6:32  SCV  
  86  6:34  SCV, Barracks  
  86  6:35  Barracks x2  
  86  6:37  Barracks  
  83  6:41  Siege Tank  
  83  6:45  SCV  
  83  6:46  SCV  
  88  6:48  Viking  
  90  6:58  SCV  
  90  6:59  SCV  
  90  7:05  Orbital Command  
  86  7:10  SCV, Engineering Bay x2  
  86  7:11  SCV  
  86  7:13  Siege Tank  
  91  7:20  Viking x2  
  91  7:22  SCV  
  92  7:23  SCV  
  92  7:24  Barracks Reactor x2  
  92  7:25  Barracks Reactor  
  92  7:28  Barracks Reactor  
  93  7:31  SCV  
  93  7:34  SCV  
  93  7:35  Refinery  
  93  7:36  SCV, Refinery  
  96  7:38  Terran Infantry Weapons Level 1  
  96  7:39  Terran Infantry Armor Level 1  
  96  7:45  SCV  
  96  7:46  SCV  
  96  7:50  Viking x2  
  96  7:51  Siege Tank  
  104  7:54  SCV  
  104  7:57  SCV  
  104  7:58  SCV, Marine  
  104  8:05  Marine  
  102  8:06  Marine x4  
  102  8:07  Marine  
  102  8:08  Marine  
  106  8:20  Liberator  
  106  8:25  Supply Depot x2  
  106  8:26  Viking, Supply Depot, Marine x5  
  116  8:27  Marine  
  117  8:38  Marine x3  
  117  8:39  Armory  
  117  8:40  Combat Shield  
  112  8:44  Marine x5  
  112  8:45  Marine  
  116  8:56  Marine x3  
  116  9:01  Marine x5  
  121  9:03  Marine  
  122  9:14  Marine x3  
  122  9:15  Supply Depot x2  
  125  9:19  Marine x3, Siege Tank  
  125  9:20  Medivac x2  
  125  9:23  Refinery  
  135  9:26  Marine  
  135  9:29  Marine x2  
  135  9:30  Sensor Tower  
  138  9:45  Marine x5  
  143  9:51  Medivac  
  144  9:53  Missile Turret  
  140  10:03  Marine  
  140  10:04  SCV, Marine x3  
  140  10:06  SCV x2  
  147  10:07  Marine  
  147  10:11  Marine x2  
  147  10:13  Marine x2  
  152  10:21  Marine x2  
  152  10:24  Marine  
  152  10:26  Supply Depot  
  152  10:27  Supply Depot, Marine  
  152  10:28  Supply Depot, Marine  
Show
View Real Time Build Order
Export as new Build Order

MaSa Terran 

Build Orders:  

Get SALT Encoding   

  12  0:00  SCV  
  13  0:12  SCV  
  14  0:17  Supply Depot  
  14  0:24  SCV  
  15  0:30  Refinery  
  15  0:39  SCV  
  16  0:45  Barracks  
  16  0:51  SCV  
  17  0:57  Refinery  
  17  1:03  SCV  
  18  1:15  SCV  
  19  1:33  Factory  
  19  1:35  Reaper  
  19  1:39  Orbital Command  
  20  1:53  Supply Depot  
  20  2:05  SCV  
  20  2:07  Reaper  
  22  2:16  Hellion  
  22  2:17  SCV  
  25  2:31  Command Center  
  25  2:35  SCV  
  26  2:39  Barracks Reactor  
  26  2:40  Factory Tech Lab  
  26  2:48  SCV  
  27  2:52  Starport  
  27  2:56  Supply Depot  
  27  3:01  SCV  
  28  3:11  Cyclone  
  31  3:18  SCV, Marine x2  
  34  3:30  SCV, Refinery  
  34  3:31  Medivac  
  37  3:36  Marine x2  
  39  3:43  SCV  
  40  3:49  Siege Tank  
  40  3:55  Orbital Command  
  43  3:56  Marine  
  43  4:00  SCV  
  43  4:02  Starport Tech Lab  
  45  4:09  Marine  
  46  4:12  SCV  
  46  4:14  Marine  
  46  4:16  Supply Depot  
  48  4:21  Raven  
  50  4:24  SCV  
  50  4:27  SCV  
  52  4:36  SCV  
  53  4:39  SCV, Supply Depot  
  53  4:40  Siege Tank  
  53  4:44  Marine  
  58  4:50  SCV  
  48  5:08  SCV  
  50  5:17  Command Center  
  50  5:18  SCV  
  50  5:24  Viking x2, Siege Tank  
  50  5:28  SCV  
  58  5:30  Marine  
  58  5:32  SCV  
  60  5:43  SCV  
  60  5:45  Supply Depot  
  60  5:47  SCV, Refinery  
  62  5:54  Viking x2  
  62  5:55  SCV  
  67  6:01  Siege Tank  
  70  6:06  SCV, Marine  
  70  6:09  Stimpack  
  70  6:10  SCV  
  72  6:26  SCV  
  68  6:34  Viking x2  
  68  6:36  SCV  
  68  6:39  SCV  
  70  6:40  Siege Tank  
  73  6:48  SCV, Barracks  
  73  6:50  Barracks  
  73  6:52  SCV  
  75  6:55  Supply Depot x2  
  75  7:00  SCV  
  77  7:09  SCV  
  77  7:10  Orbital Command  
  77  7:11  Marine  
  77  7:13  SCV  
  77  7:16  Siege Tank, Liberator x2  
  77  7:21  SCV  
  86  7:25  SCV  
  86  7:29  Marine  
  88  7:33  SCV, Orbital Command  
  88  7:34  Engineering Bay  
  88  7:35  Engineering Bay  
  88  7:36  Refinery  
  89  7:37  Supply Depot  
  89  7:38  Supply Depot  
  89  7:41  Barracks Reactor x2  
  89  7:43  SCV  
  90  7:50  SCV  
  84  8:00  SCV  
  84  8:03  Viking x2  
  84  8:04  SCV  
  88  8:08  Combat Shield, Marine, Siege Tank  
  88  8:10  Barracks  
  92  8:15  SCV  
  92  8:17  SCV  
  94  8:20  Terran Infantry Weapons Level 1, Terran Infantry Armor Level 1  
  94  8:21  Marine x2  
  96  8:28  SCV x2  
  89  8:36  Marine x3  
  89  8:38  SCV  
  89  8:39  Marine  
  89  8:40  Marine, Siege Tank  
  98  8:42  Medivac  
  98  8:45  Medivac  
  98  8:46  SCV  
  103  8:53  Marine  
  104  8:56  Marine  
  104  8:57  Marine x2  
  104  8:58  Barracks Reactor  
  104  9:00  SCV  
  108  9:09  Refinery  
  105  9:10  Armory, Sensor Tower  
  105  9:12  Siege Tank  
  108  9:17  SCV  
  108  9:18  Supply Depot  
  108  9:19  Supply Depot  
  108  9:21  Supply Depot  
  109  9:26  Barracks  
  109  9:40  SCV x3, Viking, Missile Turret, Marine x5  
  109  9:45  Marine  
  120  9:49  Siege Tank  
  120  9:52  SCV x2  
  125  9:58  Barracks Reactor, Marine x4  
  129  10:05  Marine x2  
  128  10:15  Marine x4  
  128  10:19  Factory  
  133  10:24  Marine  
  133  10:26  Barracks Reactor  
  133  10:27  Supply Depot  
  133  10:35  Command Center  

Tags
 
Add a new tag
Caveats
  • Supply blocks, unpowered buildings, or Contaminate may cause inaccurate times.
  • Supply counts are checked every 10 seconds.